 Dungeon Crawl Stone Soup version 0.23.0-42-geed6394480 (webtiles) character file.

Game seed: 11337317602388639916

41640 peem the Unseen (level 14, -12/74 HPs)
             Began as a Vine Stalker Assassin on Feb 22, 2019.
             Was the Champion of Dithmenos.
             Killed from afar by Frances (45 damage)
             ... with an iron shot
             ... on level 12 of the Dungeon on Mar 1, 2019.
             The game lasted 01:22:40 (15967 turns).

peem the Unseen (Vine Stalker Assassin)            Turns: 15967, Time: 01:22:41

Health: -12/74     AC: 15    Str:  7    XL:     14   Next: 16%
Magic:  0/16       EV: 19    Int: 11    God:    Dithmenos [******]
Gold:   211        SH:  0    Dex: 19    Spells: 13/13 levels left

rFire    . . .     SeeInvis +   G - +5 dagger "Kunus" {pierce, rPois}
rCold    . . .     Gourm    .   (no shield)
rNeg     . . .     Faith    .   T - +0 troll leather armour
rPois    +         Spirit   +   L - +2 hat
rElec    .         Reflect  .   d - +1 cloak
rCorr    .         Harm     .   O - +0 pair of gloves "Gysmuter" {+Fly MR+ Str-5 Stlth+}
MR       ++...                  M - +2 pair of boots
Stlth    ++++++++++             (no amulet)
HPRegen  1.42/turn              C - ring of see invisible
MPRegen  0.15/turn              S - +1 ring of evasion

@: wreathed by umbra, studying Stealth
A: fangs 3, thin metallic scales 1, clumsy 1, regeneration 2, weak 1, wild magic
1, magic shield, antimagic bite, no potion heal 3, rot immunity, MP-powered
wands
a: Shadow Step, Shadow Form, Renounce Religion, Evoke Flight


You were on level 12 of the Dungeon.
You worshipped Dithmenos.
Dithmenos was exalted by your worship.
You were not hungry.

You visited 4 branches of the dungeon, and saw 18 of its levels.
You also visited: Volcano.

You collected 1748 gold pieces.
You spent 1537 gold pieces at shops.

Inventory:

Hand Weapons
 a - a +2 dagger
 b - a +0 blowgun
 f - the +3 mace of Disarray {freeze, Int+4}
   (You found it on level 4 of the Dungeon)

   It has been specially enchanted to freeze those struck by it, causing extra
   injury to most foes and up to half again as much damage against particularly
   susceptible opponents.
   It can also slow down cold-blooded creatures.
   It affects your intelligence (+4).
 G - the +5 dagger "Kunus" (weapon) {pierce, rPois}
   (You found it on level 6 of the Dungeon)

   It inflicts extra damage upon your enemies.
   It protects you from poison.
 J - a +2 short sword of flaming
Missiles
 e - 59 poisoned needles
 m - 8 javelins (quivered)
Armour
 d - a +1 cloak (worn)
 x - a +1 helmet
 B - a +0 leather armour of poison resistance
 H - the +1 leather armour of Nush {Regen+}
   (You found it on level 6 of the Dungeon)

   It increases your rate of regeneration.
 L - a +2 hat (worn)
 M - a +2 pair of boots (worn)
 O - the +0 pair of gloves "Gysmuter" (worn) {+Fly MR+ Str-5 Stlth+}
   (You bought it in a shop on level 10 of the Dungeon)

   It affects your strength (-5).
   It affects your resistance to hostile enchantments.
   It lets you fly.
   It makes you more stealthy.
 T - a +0 troll leather armour (worn)
Jewellery
 n - a +4 ring of intelligence
 r - an uncursed ring of protection from cold
 s - an uncursed ring of protection from cold
 C - a ring of see invisible (left hand)
 S - a +1 ring of evasion (right hand)
 U - an uncursed ring of wizardry
Wands
 c - a wand of polymorph (14)
 A - a wand of random effects (16)
 D - a wand of disintegration (17)
 K - a wand of digging (4)
 R - a wand of acid (19)
Scrolls
 h - 4 scrolls of blinking
 i - 5 scrolls of remove curse
 p - 5 scrolls of teleportation
 q - 3 scrolls of identify
 F - 3 scrolls of magic mapping
 I - 2 scrolls of amnesia
Potions
 k - 2 potions of agility
 l - 3 potions of flight
 o - 2 potions of berserk rage
 t - 10 potions of lignification
 u - 4 potions of might
 v - 4 potions of brilliance
 w - 2 potions of invisibility
 z - 7 potions of curing
 Q - 2 potions of resistance
 W - a potion of haste
Books
 y - a manual of Stealth
Miscellaneous
 P - a sack of spiders
Comestibles
 g - 27 rations
 E - 4 chunks of flesh


   Skills:
 + Level 8.5 Fighting
 + Level 10.6 Short Blades
 + Level 4.6 Throwing
 + Level 5.2 Armour
 + Level 8.8 Dodging
 + Level 18.0 Stealth
 + Level 2.1 Evocations


You had 13 spell levels left.
You didn't know any spells.
Your spell library contained the following spells:

 Spells                   Type           Power        Failure   Level  Hunger
 Beastly Appendage        Tmut           #.....       54%         1    ##.....
 Sticks to Snakes         Tmut           #.......     67%         2    ###....
 Spider Form              Tmut/Pois      #.........   88%         3    ####...
 Ice Form                 Ice/Tmut       #.......     99%         4    #####..
 Blade Hands              Tmut           #.........   100%        5    ######.


Dungeon Overview and Level Annotations

Branches:
Dungeon (13/15)            Temple (1/1) D:4            Lair (2/6) D:8
 Shoals (0/4) Lair:2       Spider (0/4) Lair:2          Orc (2/2) D:11
    Elf (0/3) Orc:2
 Vaults: D:13-14

Altars:
Ashenzari
Cheibriados
Dithmenos
Elyvilon
Fedhas
Gozag
Hepliaklqana
Kikubaaqudgha
Makhleb
Nemelex Xobeh
Okawaru
Qazlal
Ru
Sif Muna
Trog
Uskayaw
Vehumet
Wu Jian
Xom
Yredelemnul
Zin
The Shining One
Beogh

Shops:
D:6 }   D:10 [((   D:11 ?   Orc:2 (([!:

Annotations:
D:4 3 runed translucent doors, Froggeryz's ghost, amateur MfTm
D:12 Frances


Innate Abilities, Weirdness & Mutations

You have razor-sharp teeth.
You heal very quickly.
When hurt, damage is shared between your health and your magic reserves.
Your bite disrupts and absorbs the magic of your enemies.
Potions cannot restore your health.
You are immune to rotting.
You are partially covered in thin metallic scales. (AC +2)
You are clumsy. (Dex -2)
You are weak. (Str -2)
Your spells are a little harder to cast, but a little more powerful.
You expend magic power (3 MP) to strengthen your wands.


Message History

Your shadow hits Frances but does no damage.
Frances hits you with a +3 dire flail of protection!!
You emit a cloud of dark smoke.
You hit Frances but do no damage.
Frances is moderately wounded.
Your shadow hits Frances but does no damage.
Frances says, "I have seen worlds and universes beyond all imagining."
Frances hits you with a +3 dire flail of protection.
You hit Frances. Your bite misses Frances.
Frances is moderately wounded.
Frances barely misses you. Frances completely misses you.
Frances screams a word of power!
The shard of ice hits you but does no damage.
Frances hits you with a +3 dire flail of protection!
Frances misses you.
Frances screams a word of power!
The iron shot hits you!!!
Ouch! That really hurt!
You die...

#.§§§......# ###.#######
#.§§§......# #.........#
#.§§§§>....###.......).#
#.§§§......#...........##
#..§§§.......#...........
#..........###.........##
#..........# #.....<...#
#..........# #.........#
#......@@..# #.........#
#..........# #.........#
#..........# ###########
############


You could see Frances.

Vanquished Creatures
  Gastronok (D:8)
  Nessos (D:12)
  An ettin (Orc:1)
  Josephine (D:11)
  An ogre mage (Orc:2)
  2 two-headed ogres
  3 orc high priests
  A hell knight (Volcano)
  A salamander mystic (Volcano)
  An unseen horror (D:11)
  3 orc knights
  An ugly thing (D:12)
  2 cyclopes
  10 orc sorcerers
  5 salamanders (Volcano)
  Joseph (D:8)
  2 black mambas (Lair:1)
  A gargoyle (D:12)
  2 centaur skeletons
  A spiny frog (Lair:2)
  A komodo dragon (Lair:1)
  2 tengu conjurers (D:13)
  4 trolls
  2 jumping spiders (Lair:2)
  3 hippogriffs
  A snapping turtle (Lair:2)
  27 yaks
  3 wraiths (D:11)
  A redback (shapeshifter) (D:13)
  2 wyverns
  Grum (D:11)
  6 hungry ghosts
  8 wargs
  An acid dragon (D:10)
  21 orc warriors
  4 porcupines
  A water moccasin (Lair:2)
  5 phantoms
  Duvessa (D:7)
  4 ice beasts
  12 ogres
  4 sky beasts
  5 black bears
  11 wolves
  7 centaurs
  7 crocodiles
  2 big kobolds (D:10)
  16 bullfrogs
  3 scorpions
  10 killer bees
  2 troll zombies (D:11)
  Dowan (D:7)
  7 wights
  An electric eel (Lair:2)
  7 howler monkeys
  A centaur zombie (D:8)
  6 crimson imps
  A quasit (D:12)
  2 bullfrog zombies
  A gnoll shaman (D:7)
  6 jellies
  12 orc priests
  12 hounds
  A bullfrog skeleton (D:12)
  5 iguanas
  36 orc wizards
  11 worker ants
  4 ogre zombies (D:11)
  A hound zombie (D:9)
  2 hound skeletons
  2 worker ant zombies (D:9)
  Robin (D:2)
  5 gnolls
  14 adders
  2 shadow imps
  2 oozes
  3 adder zombies
  4 adder skeletons
  3 dart slugs
  5 leopard geckos
  94 orcs
  10 giant cockroaches
  11 goblins
  8 hobgoblins
  12 jackals
  7 quokkas
  2 ball pythons (D:3)
  10 bats
  2 frilled lizards (D:2)
  A goblin skeleton (D:11)
  3 goblin zombies (D:11)
  A hobgoblin zombie (D:11)
  A jackal skeleton (D:4)
  10 kobolds
  2 leopard gecko skeletons
  2 orc skeletons (D:11)
  12 orc zombies (D:11)
  4 rats
568 creatures vanquished.

Vanquished Creatures (collateral kills)
  A wolf (D:11)
1 creature vanquished.

Vanquished Creatures (others)
  A human (D:13)
  A hound (D:13)
  2 orc wizards (Orc:2)
  An orc (Orc:2)
  A bush (D:8)
  3 fungi
  4 plants (D:8)
13 creatures vanquished.

Grand Total: 582 creatures vanquished

Notes
Turn   | Place    | Note
-------+----------+-------------------------------------------
     0 | D:1      | peem the Vine Stalker Assassin began the quest for the Orb.
     0 | D:1      | Reached XP level 1. HP: 11/11 MP: 2/2
    66 | D:1      | Reached skill level 5 in Stealth
   176 | D:1      | Reached XP level 2. HP: 14/15 MP: 3/3
  1030 | D:2      | Found an ancient bone altar of Kikubaaqudgha.
  1071 | D:2      | Reached XP level 3. HP: 15/18 MP: 2/4
  1205 | D:2      | Reached skill level 6 in Stealth
  1450 | D:2      | Noticed Robin
  1454 | D:2      | Gained mutation: Your natural rate of healing is unusually
                  | fast. [Vine Stalker growth]
  1454 | D:2      | Reached XP level 4. HP: 23/23 MP: 5/5
  1462 | D:2      | Killed Robin
  1462 | D:2      | Reached skill level 1 in Dodging
  1644 | D:2      | Found a stormy altar of Qazlal.
  1934 | D:3      | Found a basalt altar of Yredelemnul.
  2127 | D:3      | Reached XP level 5. HP: 16/26 MP: 6/6
  2793 | D:4      | Reached XP level 6. HP: 26/32 MP: 5/7
  2975 | D:4      | Found an opulent altar of Gozag.
  2982 | D:4      | Reached skill level 7 in Stealth
  3277 | D:4      | Noticed a phantom
  3284 | D:4      | Killed a phantom
  3284 | D:4      | Reached XP level 7. HP: 35/35 MP: 8/8
  3290 | D:4      | Got a faintly glowing mace
  3291 | D:4      | Identified the +3 mace of Disarray {freeze, Int+4} (You
                  | found it on level 4 of the Dungeon)
  3334 | D:4      | Found a runed translucent gate.
  3334 | D:4      | Found a runed translucent gate.
  3334 | D:4      | Found a runed translucent gate.
  3335 | D:4      | Identified the +8 dagger of the Hawk {drain, +Inv MR+}
  3360 | D:4      | Noticed Froggeryz's ghost (amateur MfTm)
  3567 | D:4      | Found a deep blue altar of Sif Muna.
  3815 | D:4      | Found a staircase to the Ecumenical Temple.
  3821 | Temple   | Entered the Ecumenical Temple
  4155 | D:5      | Entered Level 5 of the Dungeon
  4191 | D:5      | Reached skill level 8 in Stealth
  4536 | D:5      | Gained mutation: You have razor-sharp teeth. [Vine Stalker
                  | growth]
  4536 | D:5      | Reached XP level 8. HP: 40/40 MP: 9/9
  4829 | D:5      | Reached skill level 9 in Stealth
  4956 | D:5      | Found an ornate altar of the Wu Jian Council.
  5106 | D:6      | Reached skill level 5 in Short Blades
  5320 | D:6      | Reached skill level 10 in Stealth
  5325 | D:6      | Found a shattered altar of Ashenzari.
  5454 | D:6      | Reached XP level 9. HP: 44/44 MP: 10/10
  5470 | D:6      | Got an ivory dagger
  5471 | D:6      | Identified the +5 dagger "Kunus" {pierce, rPois} (You found
                  | it on level 6 of the Dungeon)
  5587 | D:6      | Found Aschosk's Gadget Boutique.
  5649 | D:6      | Got a steaming leather armour
  5660 | D:6      | Identified the cursed +1 leather armour of Nush {Regen+}
                  | (You found it on level 6 of the Dungeon)
  5936 | D:6      | Gained mutation: You are partially covered in thin metallic
                  | scales. (AC +2) [potion of mutation]
  5936 | D:6      | Gained mutation: You are frail. (-10% HP) [potion of
                  | mutation]
  5936 | D:6      | Gained mutation: You are somewhat resistant to further
                  | mutation. [potion of mutation]
  5965 | D:6      | Reached skill level 1 in Armour
  6316 | D:6      | Found a shadowy altar of Dithmenos.
  6329 | D:6      | Lost mutation: You are frail. (-10% HP) [potion of
                  | mutation]
  6329 | D:6      | Lost mutation: You are somewhat resistant to further
                  | mutation. [potion of mutation]
  6329 | D:6      | Gained mutation: You have sharp toenails. [potion of
                  | mutation]
  6329 | D:6      | Gained mutation: Your spells are a little harder to cast,
                  | but a little more powerful. [potion of mutation]
  6330 | D:6      | Lost mutation: You have sharp toenails. [potion of
                  | mutation]
  6330 | D:6      | Gained mutation: You are weak. (Str -2) [potion of
                  | mutation]
  6330 | D:6      | Gained mutation: You are clumsy. (Dex -2) [potion of
                  | mutation]
  6330 | D:6      | Gained mutation: You expend magic power (3 MP) to
                  | strengthen your wands. [potion of mutation]
  6334 | D:6      | Became a worshipper of Dithmenos the Shadowed
  6481 | D:7      | Found a hide-covered altar of Uskayaw.
  6483 | D:7      | Noticed Dowan
  6484 | D:7      | Noticed Duvessa
  6489 | D:7      | Upgraded the game from 0.23.0-3-gf3c87f2df8 to
                  | 0.23.0-42-geed6394480
  6494 | D:7      | Killed Dowan
  6494 | D:7      | Reached skill level 11 in Stealth
  6519 | D:7      | Killed Duvessa
  6558 | D:7      | Noticed a cyclops
  6563 | D:7      | Reached XP level 10. HP: 51/51 MP: 11/11
  6568 | D:7      | Killed a cyclops
  6692 | D:7      | Reached skill level 5 in Fighting
  6747 | D:7      | Found a white marble altar of Elyvilon.
  6747 | D:7      | Found a deep blue altar of Sif Muna.
  6901 | D:7      | Found a hazy altar of Hepliaklqana.
  7115 | D:7      | Found a shimmering altar of Xom.
  7273 | D:7      | Reached * piety under Dithmenos
  7498 | D:8      | Noticed Gastronok
  7516 | D:8      | Killed Gastronok
  7516 | D:8      | Reached skill level 5 in Dodging
  7516 | D:8      | Reached skill level 12 in Stealth
  7516 | D:8      | Reached XP level 11. HP: 29/56 MP: 5/12
  7593 | D:8      | Found a snail-covered altar of Cheibriados.
  7748 | D:8      | Reached ** piety under Dithmenos
  7762 | D:8      | Found a staircase to the Lair.
  7977 | D:8      | Noticed Joseph
  7999 | D:8      | Killed Joseph
  8061 | D:8      | Found an iron altar of Okawaru.
  8554 | D:9      | Reached *** piety under Dithmenos
  8582 | D:9      | Noticed a two-headed ogre
  8589 | D:9      | Killed a two-headed ogre
  8589 | D:9      | Reached skill level 13 in Stealth
  8779 | D:9      | Found a bloodstained altar of Trog.
  9215 | D:10     | Entered Level 10 of the Dungeon
  9280 | D:10     | Found Qiry Yta's Antique Armour Shoppe.
  9288 | D:10     | Bought a pair of heavily runed gloves for 323 gold pieces
  9293 | D:10     | Identified the cursed +0 pair of gloves "Gysmuter" {+Fly
                  | MR+ Str-5 Stlth+} (You bought it in a shop on level 10 of
                  | the Dungeon)
  9350 | D:10     | Noticed a two-headed ogre
  9376 | D:10     | Killed a two-headed ogre
  9399 | D:10     | Reached skill level 14 in Stealth
  9424 | D:10     | Found Zybaish's Antique Weapon Emporium.
  9509 | D:10     | Found Vaoril's Antique Weapon Boutique.
  9888 | D:11     | Reached **** piety under Dithmenos
  9895 | D:11     | Found a staircase to the Orcish Mines.
  9918 | D:11     | Gained mutation: You heal very quickly. [Vine Stalker
                  | growth]
  9918 | D:11     | Reached XP level 12. HP: 56/61 MP: 13/13
 10314 | D:11     | Found Qonte's Magic Scroll Shoppe.
 10495 | D:11     | Noticed Grum
 10520 | D:11     | Killed Grum
 10520 | D:11     | Reached ***** piety under Dithmenos
 10564 | D:11     | Noticed Josephine
 10613 | D:11     | Killed Josephine
 11066 | D:12     | Noticed Nessos
 11074 | D:12     | Killed Nessos
 11074 | D:12     | Reached skill level 10 in Short Blades
 11074 | D:12     | Reached skill level 15 in Stealth
 11886 | Lair:1   | Entered Level 1 of the Lair of Beasts
 11979 | Lair:1   | Reached skill level 16 in Stealth
 12179 | Lair:1   | Reached XP level 13. HP: 67/67 MP: 14/14
 12202 | Lair:1   | Found a dark tunnel.
 12210 | Volcano  | Entered a volcano
 13001 | Lair:2   | Reached skill level 17 in Stealth
 13093 | Lair:2   | Found a staircase to the Shoals.
 13229 | Lair:2   | Found a hole to the Spider Nest.
 13588 | Orc:1    | Entered Level 1 of the Orcish Mines
 13724 | Orc:1    | Noticed an ettin
 13726 | Orc:1    | Killed an ettin
 13746 | Orc:1    | Reached skill level 1 in Evocations
 13762 | Orc:1    | Reached skill level 5 in Armour
 14009 | Orc:1    | Paralysed by an orc sorcerer for 2 turns
 14262 | Orc:2    | Entered Level 2 of the Orcish Mines
 14443 | Orc:2    | Found a staircase to the Elven Halls.
 14602 | Orc:2    | Found a roughly hewn altar of Beogh.
 14631 | Orc:2    | Reached ****** piety under Dithmenos
 14634 | Orc:2    | Found Ejol's Distillery.
 14634 | Orc:2    | Found Vorchel's Book Boutique.
 14723 | Orc:2    | Found Weseitam's Armour Shoppe.
 14871 | Orc:2    | Reached XP level 14. HP: 74/74 MP: 16/16
 14926 | Orc:2    | Found Exzim's Weapon Shoppe.
 14987 | Orc:2    | Found Ybuscheng's Antique Weapon Boutique.
 15003 | Orc:2    | Paralysed by an orc sorcerer for 5 turns
 15626 | Orc:2    | Bought a manual of Stealth for 1214 gold pieces
 15830 | D:13     | Reached skill level 18 in Stealth
 15915 | D:13     | Noticed Frances
 15967 | D:12     | Killed from afar by Frances

Skill      XL: |  1  2  3  4  5  6  7  8  9 10 11 12 13 14 |
---------------+-------------------------------------------+-----
Stealth        | 5 6 7 8 10 11 12 14 16 17 18 | 18.0
Throwing       | 2 3 4 |  4.6
Short Blades   | 2 3 4 5 7 8 9 10 | 10.6
Fighting       | 2 3 4 5 6 7 8 |  8.5
Dodging        | 1 2 3 4 5 6 7 8 |  8.8
Armour         | 1 3 4 5 |  5.2
Evocations     | 1 2 |  2.1

Action                   |  1- 3 |  4- 6 |  7- 9 | 10-12 | 13-15 || total
-------------------------+-------+-------+-------+-------+-------++-------
Melee: Dagger            |    69 |   162 |   315 |  1106 |   773 ||  2425
       Bite              |    10 |    52 |    98 |   335 |   206 ||   701
 Fire: Blowgun           |       |    15 |     7 |    18 |    13 ||    53
Throw: Javelin           |    13 |     8 |    12 |       |       ||    33
Evoke: Wand              |       |       |       |     3 |    19 ||    22
  Use: Scroll            |       |     8 |     8 |    10 |     2 ||    28
       Potion            |       |     2 |     3 |     4 |     1 ||    10
 Stab: Sleeping          |     6 |    11 |    23 |    74 |    22 ||   136
       Distracted        |     1 |       |     2 |     4 |     4 ||    11
       Invisible         |       |     3 |       |       |       ||     3
       Confused          |       |       |       |     3 |     4 ||     7
  Eat: Chunk             |     2 |     5 |    11 |    19 |     8 ||    45
       Ration            |       |       |       |     1 |     2 ||     3
Armor: Robe              |    12 |    33 |    24 |       |       ||    69
       Leather armour    |       |       |    23 |   186 |   121 ||   330
       Troll leather arm |       |       |       |       |     2 ||     2
Dodge: Dodged            |    36 |    84 |   166 |   562 |   430 ||  1278
